 Dungeon Crawl Stone Soup version 0.27.0-1-g7a089689b8 (webtiles) character file.

Game seed: 17337417913378897479

18 ubername the Digger (level 2, 0/19 HPs)
             Began as a Barachi Earth Elementalist on Aug 6, 2021.
             Slain by a jackal (2 damage)
             ... on level 1 of the Dungeon.
             The game lasted 00:01:34 (397 turns).

ubername the Digger (Barachi Earth Elementalist)     Turns: 397, Time: 00:01:34

Health: 0/19       AC:  2    Str:  9    XL:     2   Next: 66%
Magic:  2/5        EV: 12    Int: 15    God:
Gold:   12         SH:  0    Dex: 12    Spells: 5/6 levels left

rFire    . . .     SeeInvis .   d - +0 dagger
rCold    . . .     Faith    .   (no shield)
rNeg     . . .     Spirit   .   b - +0 robe
rPois    .         Reflect  .   (no helmet)
rElec    .         Harm     .   (no cloak)
rCorr    .         Rampage  .   (no gloves)
Will     .....                  (no boots)
Stlth    ++........             (no amulet)
HPRegen  0.06/turn              (no ring)
MPRegen  0.09/turn              (no ring)

@: slow
A: amphibious, slowness 1, strong legs 1, +LOS
a: Hop


You were on level 1 of the Dungeon.
You visited 1 branch of the dungeon, and saw 1 of its levels.

You collected 12 gold pieces.

Inventory:

Hand Weapons
 a - a +0 whip
 d - a +0 dagger (weapon)
Missiles
 c - 30 stones
Armour
 b - a +0 robe (worn)
Magical Staves
 e - a staff of death
Scrolls
 f - a scroll of enchant weapon {unknown}


   Skills:
 + Level 2.2 Dodging
 + Level 1.9 Stealth
 + Level 2.5 Spellcasting
 + Level 1.1 Transmutations
 + Level 3.5 Earth Magic


You had 5 spell levels left.
You knew the following spells:

 Your Spells              Type           Power      Damage    Failure   Level
a - Sandblast             Erth           24%        2d8       4%          1

Your spell library contained the following spells:

 Spells                   Type           Power      Damage    Failure   Level
 Passwall                 Tmut/Erth      6%         N/A       12%         2
 Stone Arrow              Conj/Erth      14%        3d7       30%         3
 Petrify                  Tmut/Erth      8%         N/A       63%         4


Dungeon Overview and Level Annotations

Branches:
Dungeon (1/15)

Altars:


Innate Abilities, Weirdness & Mutations

You are amphibious.
You cover ground slowly.
You can hop short distances.
You have an extended range of vision and can be seen from far away.


Message History

The jackal is heavily wounded.
The jackal closely misses you.
You closely miss the jackal.
The jackal is heavily wounded.
The jackal closely misses you.
A quokka comes into view.
The jackal closely misses you.
You hit the jackal.
The jackal is heavily wounded.
The jackal closely misses you. The quokka barely misses you.
You hit the jackal but do no damage.
The jackal is heavily wounded.
The jackal closely misses you. The quokka bites you. The jackal bites you.
Casting: Sandblast (safe; 4% risk of failure)
Confirm with . or Enter, or press ? or * to list all spells.
Aiming: Sandblast (safe; 4% risk of failure)
Press: ? - help, Shift-Dir - straight line, f/p - jackal
Aim: a jackal (moderately wounded, 74% to hit)
The blast of sand hits the jackal.
The jackal is almost dead.
The jackal bites you. The quokka closely misses you.
Casting: Sandblast (safe; 4% risk of failure)
Confirm with . or Enter, or press ? or * to list all spells.
Aiming: Sandblast (safe; 4% risk of failure)
Press: ? - help, Shift-Dir - straight line, f/p - jackal
Aim: a jackal (almost dead, 74% to hit)
The blast of sand hits the jackal but does no damage.
The jackal is almost dead.
The jackal bites you. The quokka bites you.
You closely miss the quokka.
The jackal barks!
The jackal bites you. The quokka closely misses you. The jackal bites you.
You hear a shout!
You miss the quokka. The quokka bites you.
* * * LOW HITPOINT WARNING * * *
The jackal closely misses you. The jackal bites you.
* * * LOW HITPOINT WARNING * * *
The quokka barely misses you. The jackal bites you.
You die...

.# #.#.#.#....#..... ...
###.....#.##......#
.#..##....#....##.#.[...
.......#..#..####.####.#
#......##....# #.# #..
#..###...#...# #.# ##.#
... ###rh...####.# #...
... ###h........#.###..#
###
#.##..@###..##.........
#...#.#..###
#..###....#..#
#.......## ##.#
#....###. ....###.##
##### #....# ## #.#
#...# #....# # #.# #.8.#
#....# #.## #...# ####.#
#.†######+### #.#
##.†#.+.....#####.#


You could see a quokka and 2 jackals.

Vanquished Creatures
  2 dart slugs (D:1)
  2 bats (D:1)
  2 giant cockroaches (D:1)
  A hobgoblin (D:1)
  3 kobolds (D:1)
  A ball python (D:1)
  3 rats (D:1)
14 creatures vanquished.

Notes
Turn   | Place    | Note
-------+----------+-------------------------------------------
     0 | D:1      | ubername the Barachi Earth Elementalist began the quest for
                  | the Orb.
     0 | D:1      | Reached XP level 1. HP: 13/13 MP: 3/3
   164 | D:1      | Reached XP level 2. HP: 19/19 MP: 3/5
   397 | D:1      | Slain by a jackal

Illustrated notes

Levels and vault maps discovered:
D:1:      minmay_arrival_stair_chambers, layout_rooms, hex_large

Action                   || total
-------------------------++-------
Melee: Unarmed           ||     1
       Dagger            ||    13
       Whip              ||     6
 Cast: Sandblast         ||    22
Armor: Robe              ||     2
Dodge: Dodged            ||    26
